[Event "*** Titled Tuesday Blitz"]
[Site "Chess.com"]
[Date "2019.10.01"]
[Round "6"]
[White "adriangschnitzer"]
[Black "moro182"]
[Result "0-1"]
[WhiteElo "2535"]
[BlackElo "2726"]
[TimeControl "180+2"]
[EndTime "14:25:35 PDT"]
[Termination "moro182 won on time"]

1. e4 e5 2. Nf3 Nc6 3. Bc4 Bc5 4.
O-O Nf6 5. d4 Bxd4 6. Nxd4 Nxd4 7.
f4 d6 8. fxe5 dxe5 9. Bg5 Qe7 10. Na3 Be6 11. c3 Bxc4 12. Bxf6 gxf6 13. Nxc4 Ne6 14. b4 Nf4 15. Ne3 Rg8 16. g3 Qe6 17. Nf5 Qc4 18. Qa4+ b5 19. Qa6 Ne2+ 20. Kf2 Nxc3 21. Rac1 Rd8 22. Rxc3 Qxc3 23. Qxf6 Rd7 24.
Kg1 Qxb4 25. Ng7+ Rxg7 26. Qxg7 Qd6 27. Qh8+ Ke7 28. Qxh7 Qg6 29. Qh8 f6 30. Qa8 Qf7 31. Qxa7 Qc4 32. Qa3+ b4 33. Qf3 Rd6 34. h4 Qxa2 35.
h5 Qd2 36. Qg4 Qe3+ 37. Kh1 Qh6 38. Rb1 b3 39. Rxb3 Qc1+ 0-1

[Event "*** Titled Tuesday Blitz"]
[Site "Chess.com"]
[Date "2019.10.01"]
[Round "6"]
[White "comsac"]
[Black "XiaoKangZhong"]
[Result "0-1"]
[WhiteElo "2271"]
[BlackElo "2424"]
[TimeControl "180+2"]
[EndTime "14:25:35 PDT"]
[Termination "XiaoKangZhong won on time"]

1. e4 c6 2. d4 d5 3. exd5 cxd5 4. Bf4 Nc6 5. c3 Nf6 6. Bd3 e6 7. Nf3 Be7 8. O-O O-O 9. Re1 a6 10. a4 Bd6 11. Bxd6 Qxd6 12. Nbd2 Rb8 13. Re3 Ne7 14. Ne5 Ng6 15. a5 Nd7 16. Ndf3 b5 17. axb6 Rxb6 18. Qe2 Nf4 19. Bxh7+ Kxh7 20. Ng5+ Kg8 21.
Qg4 f6 22. Qxf4 fxe5 23. Qh4 Rf5 24. Qh7+ Kf8 25. Qh8+ Ke7 26. Qxg7+ Ke8 27. Rh3 Qe7 28. Qg8+ Nf8 29. Nh7 Rxb2 30. dxe5 Rfxf2 31. g3 Rg2+ 32. Kh1 Bb7 33. Nf6+ Kd8 34. Rh8 Kc7 35. Qxf8 Qxf8 36.
Rxf8 d4 37. Rf7+ Kb8 38. Nd7+ Ka7 0-1

[Event "*** Titled Tuesday Blitz"]
[Site "Chess.com"]
[Date "2019.10.01"]
[Round "6"]
[White "dlp300"]
[Black "morphinho22"]
[Result "1-0"]
[WhiteElo "2506"]
[BlackElo "2354"]
[TimeControl "180+2"]
[EndTime "14:25:37 PDT"]
[Termination "dlp300 won by checkmate"]

1. Nf3 Nf6 2. g3 g6 3. Bg2 Bg7 4. O-O O-O 5. c4 d6 6. Nc3 e5 7. d3 Re8 8. Ne1 Nc6 9. Rb1 a5 10. a3 Bg4 11. h3 Be6 12. b4 axb4 13. axb4 Qd7 14. Kh2 e4 15. b5 Ne5 16. Bg5 exd3 17.
exd3 Ra3 18. Bxf6 Bxf6 19. Ne4 Bg7 20. f4 Nxd3 21. Nxd3 Bxc4 22. Nb4 Bxf1 23. Qxf1 Re3 24. Qc4 Qe6 25. Qxe6 Rxe6 26. Ng5 Re8 27. Nd5 Re2 28. Nxc7 Rc8 29. b6 Bd4 30. Kh1 Bxb6 31. Bf3 Rf2 32. Nd5 Bd4 33. Ne7+ Kg7 34. Nxc8 h6 35. Nxf7 Rxf3 36. Ncxd6 Rxg3 37. Rxb7 Rxh3+ 38. Kg2 Ra3 39. Ng5+ Kf6 40. Rf7# 1-0

[Event "*** Titled Tuesday Blitz"]
[Site "Chess.com"]
[Date "2019.10.01"]
[Round "6"]
[White "TrimitziosP7"]
[Black "LastHeroJr"]
[Result "0-1"]
[WhiteElo "2742"]
[BlackElo "2539"]
[TimeControl "180+2"]
[EndTime "14:25:41 PDT"]
[Termination "LastHeroJr won on time"]

1. Nf3 Nf6 2. b3 g6 3. Bb2 Bg7 4. g3 O-O 5. Bg2 d6 6. d4 c5 7.
O-O cxd4 8. Nxd4 d5 9. c4 dxc4 10. bxc4 Qb6 11. Nb3 Nc6 12. Nc3 Rd8 13. Qc1 Be6 14.
c5 Qa6 15. Rd1 Rac8 16. e4 Nb4 17. Bf1 Bc4 18. e5 Ng4 19. Bxc4 Qxc4 20. Qf4 Nxe5 21. Qe3 Nc2 22. Qc1 Nxa1 23. Qxa1 Nd3 24. Na4 Nxb2 25.
Nxb2 Rxd1+ 26. Qxd1 Bxb2 27. Qd7 Qe6 28. Qxb7 a5 29.
Nxa5 Rxc5 30. Nb3 Rc8 31. h4 Qc6 32. Qxe7 Bf6 33. Qe2 Qc4 34. Qf3 Qc6 35. Qe2 h5 36.
Kh2 Re8 37. Qd2 Qb6 0-1

[Event "*** Titled Tuesday Blitz"]
[Site "Chess.com"]
[Date "2019.10.01"]
[Round "6"]
[White "Tolya2"]
[Black "PNEPaul"]
[Result "0-1"]
[WhiteElo "2389"]
[BlackElo "1898"]
[TimeControl "180+2"]
[EndTime "14:25:44 PDT"]
[Termination "PNEPaul won by resignation"]

1. Nf3 a6 2. d4 e6 3. g3 g6 4. Bg2 Bg7 5. O-O Ne7 6. c4 O-O 7. Nc3 d6 8. e4 Nd7 9. Be3 h6 10. Qd2 Kh7 11. h4 Rh8 12. h5 g5 13.
Qc2 Kg8 14. Rad1 b6 15. e5 Rb8 16. exd6 cxd6 17. d5 e5 18. Nh2 f5 19. g4 Nf6 20. gxf5 Bxf5 21. Ne4 Nxh5 22. f3 Nf4 23. Ng4 Nxg2 24. Qxg2 Ng6 25. Kf2 Nh4 26. Qg3 Qf8 27. Bc1 Bxe4 28. Ke2 Bg6 29. Rh1 Qf5 30. Ne3 Qf7 31. Rxh4 gxh4 32. Qxh4 Rf8 33. Rf1 Qf4 34. Qe7 Qd4 35. Rg1 Rf7 36. Qxd6 Bh5 37. Rg3 e4 38. Qe6 exf3+ 39. Kf2 Qh4 40. Nf1 Qxc4 41. Qe8+ Kh7 42. Qe3 Bd4 0-1

[Event "*** Titled Tuesday Blitz"]
[Site "Chess.com"]
[Date "2019.10.01"]
[Round "6"]
[White "Bad4life"]
[Black "GianmarcoVaR"]
[Result "0-1"]
[WhiteElo "2365"]
[BlackElo "2604"]
[TimeControl "180+2"]
[EndTime "14:25:45 PDT"]
[Termination "GianmarcoVaR won by resignation"]

1. e4 c5 2. Nf3 d6 3. Bb5+ Nd7 4. Ba4 Nf6 5. O-O Nxe4 6. Re1 d5 7. c4 Nd6 8. cxd5 b5 9. Bc2 Bb7 10. d4 c4 11. Nc3 Nb6 12. Bf4 Nxd5 13. Bxd6 Nxc3 14. Bxe7 Bxe7 15. bxc3 O-O 16. Rb1 a6 17. a4 Bc6 18.
Ne5 Be8 19. Be4 Rb8 20. Qh5 g6 21. Qf3 b4 22. Bd5 bxc3 23. Rxb8 Qxb8 24. Qxc3 Bb4 25. Rb1 Qxe5 26. Qxc4 Qf5 27. Rxb4 Bd7 28. f3 Rc8 29. Qb3 Rc1+ 30. Kf2 Rc2+ 31. Kg1 Rc1+ 32. Kf2 Qf4 33. Rb8+ Kg7 34. Qb2 Rd1 35. g3 Rd2+ 36.
Kf1 Qe3 37. Qxd2 Qxd2 38. Rd8 Qd3+ 39. Kf2 Qxd4+ 40. Ke1 0-1

[Event "*** Titled Tuesday Blitz"]
[Site "Chess.com"]
[Date "2019.10.01"]
[Round "6"]
[White "doons21"]
[Black "SlavenPastar"]
[Result "1-0"]
[WhiteElo "2609"]
[BlackElo "2418"]
[TimeControl "180+2"]
[EndTime "14:25:45 PDT"]
[Termination "doons21 won by resignation"]

1. e4 b6 2. d4 Bb7 3. Bd3 e6 4. c3 c5 5. Nf3 Nf6 6. e5 Nd5 7. O-O cxd4 8. cxd4 d6 9. Bg5 Be7 10. Bb5+ Bc6 11. Bxc6+ Nxc6 12. Qa4 Rc8 13. Bxe7 Nxe7 14. Nc3 O-O 15. Nb5 Nf5 16. Nxa7 Nxa7 17. Qxa7 Rc2 18. Qa3 dxe5 19. dxe5 Qc7 20. Rad1 h5 21. h3 Rc8 22. Qb4 Qc5 23. Qxc5 R8xc5 24. b4 R5c3 25. Ng5 g6 26. Rd8+ Kg7 27. Rd7 Nh6 28. Nxe6+ Kg8 29. Rd8+ Kh7 30. Ng5+ Kg7 31. e6 fxe6 32.
Nxe6+ Kf6 33. Re1 Rxa2 34. Rf8+ Ke7 35. Rb8 Nf5 36. Rxb6 Rca3 37. Nd4+ Kf7 38. Nxf5 gxf5 39. Re5 Ra1+ 40. Kh2 f4 41. Rf5+ Ke7 42. Rxf4 1-0

[Event "*** Titled Tuesday Blitz"]
[Site "Chess.com"]
[Date "2019.10.01"]
[Round "6"]
[White "brendan174"]
[Black "Nbk90"]
[Result "0-1"]
[WhiteElo "2113"]
[BlackElo "2470"]
[TimeControl "180+2"]
[EndTime "14:25:45 PDT"]
[Termination "Nbk90 won by resignation"]

1. d4 Nf6 2. Nc3 d5 3. Bf4 a6 4.
e3 e6 5. Nf3 Bd6 6. Bd3 O-O 7.
Ne5 c5 8. Bg3 Nc6 9. Nxc6 bxc6 10. Bxd6 Qxd6 11. dxc5 Qxc5 12. O-O e5 13. e4 Bg4 14.
Qe1 Rfe8 15. exd5 cxd5 16. h3 Bh5 17. Rc1 e4 18. Be2 Bg6 19. Kh1 d4 20. Na4 Qc6 21. b3 e3 22. Bf3 Qe6 23. Bxa8 Rxa8 24. fxe3 dxe3 25. Qg3 Re8 26. Nc5 Qd5 27. Nd3 Qd4 28. Nf4 Ne4 29. Qh4 Nf2+ 30. Kh2 Re4 31. g3 e2 32. Rfe1 Qd2 33. Qg5 h6 34. Qh4 Nd1 35. Rcxd1 exd1=Q+ 0-1

[Event "*** Titled Tuesday Blitz"]
[Site "Chess.com"]
[Date "2019.10.01"]
[Round "6"]
[White "Duhless"]
[Black "Jospem"]
[Result "1-0"]
[WhiteElo "3024"]
[BlackElo "2888"]
[TimeControl "180+2"]
[EndTime "14:25:54 PDT"]
[Termination "Duhless won by resignation"]

1. d4 Nf6 2. Nf3 e6 3. c4 b6 4. g3 Ba6 5. Qc2 Bb4+ 6. Bd2 Be7 7. Bg2 O-O 8. O-O c6 9. b3 d5 10. a4 Nbd7 11. a5 Ne4 12. Rd1 Bf6 13. Be3 Nd6 14. Bf4 Nf5 15. Nc3 b5 16. e4 dxe4 17. Nxe4 bxc4 18. bxc4 Be7 19. Ne5 Rc8 20. Nc5 Nxc5 21.
dxc5 Qe8 22. Nd7 f6 23. Nxf8 Bxf8 24. Bd6 Qh5 25. Qe4 Qf7 26. Rab1 Ne7 27. Bxe7 Qxe7 28.
Rd6 Qf7 29. Rxc6 Rxc6 30. Qxc6 Bxc4 31. Rc1 Bd3 32. Qb7 Qg6 33. c6 Qg5 34. Qb2 Ba6 35. c7 Bc8 36. h4 Qxa5 37. Bb7 Ba3 38. Bxc8 1-0

[Event "*** Titled Tuesday Blitz"]
[Site "Chess.com"]
[Date "2019.10.01"]
[Round "6"]
[White "sergeikim"]
[Black "dopolian"]
[Result "1-0"]
[WhiteElo "2485"]
[BlackElo "2343"]
[TimeControl "180+2"]
[EndTime "14:25:54 PDT"]
[Termination "sergeikim won by checkmate"]

1. d4 Nf6 2. c4 c5 3. d5 e6 4. Nc3 exd5 5. cxd5 d6 6. e4 g6 7. Nge2 Bg7 8. Ng3 a6 9. a4 h5 10. Be2 O-O 11. Bg5 Qa5 12. Qd2 Nbd7 13. O-O Nh7 14. Be7 Re8 15. Bxd6 h4 16. Nh1 Qb4 17. f3 Bd4+ 18.
Nf2 Nhf6 19. Kh1 Nh5 20. Nd3 Qb6 21. Bf4 Nf8 22. a5 Qd8 23. Bg5 Bf6 24. Bxf6 Qxf6 25.
f4 Ng3+ 26. Kg1 Qd4+ 27. Rf2 Nxe4 28. Nxe4 Qxe4 29. Nxc5 Qf5 30. b4 Nd7 31. Rd1 Nf6 32.
Bf3 Bd7 33. Nxb7 Ng4 34. Nd6 Nxf2 35. Nxf5 Nxd1 36. Nd6 Ba4 37. Nxe8 Rxe8 38. Bxd1 Bb5 39. d6 Kf8 40. Bf3 Rd8 41. Qd4 Rc8 42. Qh8# 1-0

[Event "*** Titled Tuesday Blitz"]
[Site "Chess.com"]
[Date "2019.10.01"]
[Round "6"]
[White "Orest_Vovk"]
[Black "MarcoRiehle"]
[Result "0-1"]
[WhiteElo "2413"]
[BlackElo "2591"]
[TimeControl "180+2"]
[EndTime "14:25:55 PDT"]
[Termination "MarcoRiehle won by checkmate"]

1. d4 d5 2. Bf4 e6 3. e3 Bd6 4. Bxd6 Qxd6 5. Nd2 c5 6. c3 Nc6 7. Ngf3 Nf6 8. Bd3 O-O 9. O-O e5 10. dxe5 Nxe5 11. Nxe5 Qxe5 12. Nf3 Qe7 13. h3 Rd8 14. Qc2 Be6 15. Bf5 Bxf5 16. Qxf5 Rd6 17. Rad1 Rad8 18.
Qc2 Qe4 19. Qb3 b6 20. Rd2 Qe6 21. Rfd1 Ne4 22. Re2 h6 23. Nd2 Kf8 24. Qc2 Ke7 25. Nxe4 dxe4 26. Rxd6 Rxd6 27. b3 Rd3 28. Rd2 c4 29. bxc4 Qxc4 30. Rxd3 exd3 31. Qd2 a5 32. f3 a4 33. g4 a3 34. Kg2 b5 35. Kg3 b4 36. cxb4 Qc2 37. Qe1 d2 38. Qa1 Qb2 39.
Qd1 Qc1 40. Qa4 d1=Q 41. Qa5 Qe1+ 42. Kf4 Qcxe3+ 43. Kf5 g6# 0-1

[Event "*** Titled Tuesday Blitz"]
[Site "Chess.com"]
[Date "2019.10.01"]
[Round "6"]
[White "GremioPrudente"]
[Black "Tonychess32"]
[Result "1-0"]
[WhiteElo "2293"]
[BlackElo "2407"]
[TimeControl "180+2"]
[EndTime "14:25:55 PDT"]
[Termination "GremioPrudente won by checkmate"]

1. Nf3 Nf6 2. c4 e6 3. Nc3 d5 4. d4 Be7 5. Bg5 O-O 6. e3 Nbd7 7.
Bd3 dxc4 8. Bxc4 a6 9. O-O b5 10. Bd3 c5 11. Qe2 cxd4 12. exd4 Bb7 13. Ne5 Nb6 14.
Rfd1 Nbd5 15. Rac1 h6 16. Bh4 Nf4 17. Qd2 Nxg2 18. Bxf6 Bxf6 19. Ne4 Nh4 20. Qe3 Nf5 21. Nxf6+ Qxf6 22. Bxf5 Qxf5 23. Rc7 Bd5 24. Rdc1 Bxa2 25. b3 a5 26. Nc6 Qg4+ 27. Kh1 a4 28. Ne7+ Kh8 29.
Rg1 Qh5 30. Rc5 Qh4 31. Qe5 Rg8 32. Nxg8 Rxg8 33. Rc8 f6 34. Rxg8+ Kxg8 35. Qxe6+ Kf8 36. Re1 Qh5 37. Qc8+ Kf7 38. Qe8# 1-0

[Event "*** Titled Tuesday Blitz"]
[Site "Chess.com"]
[Date "2019.10.01"]
[Round "6"]
[White "boasovietica"]
[Black "Sajkochess"]
[Result "1-0"]
[WhiteElo "2423"]
[BlackElo "2266"]
[TimeControl "180+2"]
[EndTime "14:25:55 PDT"]
[Termination "boasovietica won by resignation"]

1. Nf3 Nf6 2. c4 e6 3. Nc3 d5 4.
e3 Be7 5. Qc2 c5 6. b3 Nc6 7. a3 d4 8. Ne4 e5 9. Bd3 g6 10.
Nxf6+ Bxf6 11. Bb2 Bg7 12. Be4 Be6 13. h4 f5 14.
Bxc6+ bxc6 15. d3 h6 16. O-O-O O-O 17. Rde1 Qd6 18. Re2 Rfd8 19. exd4 cxd4 20. Rhe1 e4 21. Nd2 Rab8 22. g4 a5 23. gxf5 gxf5 24. Rg1 Rb7 25.
dxe4 d3 26. Qc3 dxe2 27. Rxg7+ Kf8 28. Qf6+ Ke8 29. Qg6+ Bf7 30. Rg8+ Kd7 31. Rxd8+ Kxd8 32. Qxd6+ Rd7 33. Qb8+ Ke7 34. Qe5+ Kd8 35. Nf3 Rd1+ 36. Kc2 Bh5 37. Qf6+ Kc7 38. Be5+ Kb7 39. Qe7+ Ka6 40. Bb8 1-0

[Event "*** Titled Tuesday Blitz"]
[Site "Chess.com"]
[Date "2019.10.01"]
[Round "6"]
[White "Andrei_Belozerov"]
[Black "akretchetov"]
[Result "1-0"]
[WhiteElo "2520"]
[BlackElo "2368"]
[TimeControl "180+2"]
[EndTime "14:26:04 PDT"]
[Termination "Andrei_Belozerov won on time"]

1. e4 e5 2. Nf3 Nc6 3. Bb5 a6 4. Ba4 d6 5. c3 Bd7 6. d4 g6 7. O-O Bg7 8. Re1 Nf6 9. d5 Ne7 10.
c4 O-O 11. Bxd7 Nxd7 12. Nc3 h6 13. b4 f5 14. Rb1 f4 15. c5 Nf6 16. Nd2 g5 17. f3 Rf7 18. Nc4 Bf8 19. a4 Rg7 20. Ba3 Ng6 21. b5 axb5 22. Nxb5 dxc5 23. d6 c6 24. Nc7 Ra7 25. Ne6 Qe8 26. Nxg7 Bxg7 27. Bxc5 Ra8 28. Rxb7 Nd7 29. Rxd7 Qxd7 30. Nb6 Qa7 31.
Qb3+ Kh7 32. d7 Rd8 33. Rd1 Nf8 34. Qf7 Qa5 35. Bf2 Qb4 36. h4 c5 37. hxg5 hxg5 38. Qf5+ Kg8 39. Nc8 c4 40. Qxg5 Rxd7 41. Rxd7 Nxd7 42.
Qd8+ Nf8 43. Ne7+ Kf7 44. Nf5 Ne6 45. Qd7+ Kf8 46. Qxe6 1-0

[Event "*** Titled Tuesday Blitz"]
[Site "Chess.com"]
[Date "2019.10.01"]
[Round "6"]
[White "ShadowJolteon"]
[Black "dmosesov"]
[Result "1-0"]
[WhiteElo "2369"]
[BlackElo "2539"]
[TimeControl "180+2"]
[EndTime "14:26:13 PDT"]
[Termination "ShadowJolteon won by checkmate"]

1. d4 Nf6 2. c4 e6 3. g3 c5 4.
Nf3 Qa5+ 5. Qd2 Qxd2+ 6. Bxd2 Nc6 7. e3 b6 8. Bg2 Bb7 9. O-O Be7 10. Nc3 O-O 11.
Rfd1 cxd4 12. exd4 Rac8 13. b3 Nb4 14. Bg5 h6 15. Bxf6 Bxf6 16. Ne5 Bxg2 17. Kxg2 Rfd8 18. a3 Nc2 19. Rab1 Nxd4 20. Ng4 Nc6 21. Nxf6+ gxf6 22. Ne4 Kg7 23. Nd6 Rb8 24. Rd3 Ne5 25. Rd2 h5 26. f4 Ng6 27. Rbd1 h4 28. Kf3 hxg3 29.
hxg3 a6 30. g4 Rh8 31. Kg3 Rh7 32. Ne4 Rbh8 33. Nf2 Rh2 34. f5 Ne5 35. Rd6 exf5 36. gxf5 R2h5 37. Rxb6 Rg5+ 38. Kf4 Rh4+ 39. Ke3 Rxf5 40.
Rg1+ Kf8 41. Rg3 Ke7 42. Ne4 Rff4 43. Nc3 Rxc4 44. Nd5+ Kd8 45. Rg8# 1-0

[Event "*** Titled Tuesday Blitz"]
[Site "Chess.com"]
[Date "2019.10.01"]
[Round "6"]
[White "TrenerChos"]
[Black "ahkashefi2800"]
[Result "1-0"]
[WhiteElo "2411"]
[BlackElo "2179"]
[TimeControl "180+2"]
[EndTime "14:26:13 PDT"]
[Termination "TrenerChos won on time"]

1. e4 c6 2. Nf3 d5 3. Nc3 dxe4 4. Nxe4 Nd7 5. d4 Ngf6 6. Neg5 e6 7. Bd3 Bd6 8. Qe2 h6 9. Ne4 Nxe4 10. Qxe4 Qc7 11. Bd2 c5 12. c4 cxd4 13. Nxd4 Nc5 14. Qe2 Nxd3+ 15. Qxd3 Bd7 16. Bc3 O-O-O 17. Qe2 Bc6 18. Nb5 Bxb5 19. cxb5 Kb8 20. a4 f6 21. a5 Qe7 22. O-O Rd7 23. Rfe1 e5 24. Ra4 Rc8 25. h3 Bc5 26. b6 a6 27. Rc4 Rcd8 28. b4 Bd4 29. Bxd4 Rxd4 30. Rxd4 Rxd4 31. b5 Qb4 32. bxa6 Qxa5 33. axb7 Kxb7 34. Rb1 Rb4 35. Rd1 Qb5 36. Qf3+ Kxb6 37. Qa8 Rd4 38. Qb8+ Kc5 39. Rc1+ Rc4 40. Qf8+ Kd5 41. Qf7+ Kd4 42. Rd1+ Kc3 43. Qxg7 Kc2 44. Re1 Qb4 45. Qg6+ e4 46. Re3 Kd2 47. Qxh6 Kc1 48. Rb3+ 1-0

[Event "*** Titled Tuesday Blitz"]
[Site "Chess.com"]
[Date "2019.10.01"]
[Round "6"]
[White "przemekpiotrowski"]
[Black "H3nriqueTV"]
[Result "1-0"]
[WhiteElo "2412"]
[BlackElo "2157"]
[TimeControl "180+2"]
[EndTime "14:26:13 PDT"]
[Termination "przemekpiotrowski won by resignation"]

1. d4 d5 2. Nf3 Nf6 3. g3 c6 4.
Bg2 h6 5. O-O Bf5 6. c4 e6 7.
Nc3 Be7 8. b3 Nbd7 9. Bb2 O-O 10. Ne5 a5 11. f4 Ng4 12. Qd2 Ndxe5 13. fxe5 Bg5 14. Rf4 Bxf4 15. Qxf4 Qg5 16. Bc1 Qxf4 17.
Bxf4 h5 18. c5 Rab8 19. Na4 f6 20. exf6 Nxf6 21. Bxb8 Rxb8 22. Nb6 Re8 23. Rf1 Bg4 24. Bf3 e5 25. e3 exd4 26. exd4 Re3 27. Bxg4 Nxg4 28.
Nd7 Re2 29. h3 Ne3 30. Rf8+ Kh7 31. Re8 Rg2+ 32. Kh1 Rxg3 33. Nf8+ Kh6 34. Ne6 Nf5 35. Rh8+ Kg6 36. Kh2 Rd3 37. Nf4+ Kg5 38. Nxd3 Nxd4 39. Rb8 Kf5 40. Rxb7 Ke4 41. Nf2+ Kf3 42. Rf7+ Ke3 43. Kg2 g5 44. Ra7 Ne6 45. Rxa5 Nf4+ 46. Kf1 Ne6 47.
b4 Nd4 48. Ra3+ Kf4 49. Rd3 Nc2 50. a3 Ne3+ 51. Ke2 Nf5 52. Rf3+ Ke5 53. Nd3+ Ke6 54.
Rxf5 Kxf5 55. a4 Ke4 56. b5 cxb5 1-0

[Event "*** Titled Tuesday Blitz"]
[Site "Chess.com"]
[Date "2019.10.01"]
[Round "6"]
[White "eljanov"]
[Black "DanielNaroditsky"]
[Result "1-0"]
[WhiteElo "2801"]
[BlackElo "3010"]
[TimeControl "180+2"]
[EndTime "14:26:19 PDT"]
[Termination "eljanov won by resignation"]

1. Nf3 d6 2. d4 Nf6 3. c4 g6 4. Nc3 Bg7 5. e4 O-O 6. Be2 e5 7. O-O exd4 8. Nxd4 Re8 9. f3 Nc6 10. Be3 Nh5 11. Qd2 Nf4 12. Rfd1 Nxd4 13. Bxd4 Bxd4+ 14. Qxd4 Nxe2+ 15. Nxe2 b6 16. Nc3 Bb7 17. Qd2 Re5 18.
Ne2 f5 19. exf5 Rxf5 20. Re1 Qh4 21. Ng3 Rf7 22. b3 Raf8 23. Re3 g5 24. Rae1 g4 25. fxg4 Qxg4 26. Re8 h5 27. Rxf8+ Rxf8 28. Qd3 h4 29. Re7 Rf7 30. Rxf7 Kxf7 31. Qf5+ Qxf5 32. Nxf5 Be4 33.
Nxh4 Bb1 34. Nf3 Bxa2 35. Nd2 c6 36. Kf2 a5 37. Ke3 b5 38. Kd3 bxc4+ 39. bxc4 d5 40. c5 Kf6 41. Kc3 Ke5 42. Kb2 Bc4 43. Nxc4+ dxc4 44.
Kc3 Kd5 45. h4 a4 46. h5 a3 47. h6 a2 48. Kb2 c3+ 49. Kxa2 Kc4 50. h7 c2 51. Kb2 c1=Q+ 1-0

[Event "*** Titled Tuesday Blitz"]
[Site "Chess.com"]
[Date "2019.10.01"]
[Round "6"]
[White "HouseOfDurin"]
[Black "ChessBitl"]
[Result "0-1"]
[WhiteElo "2097"]
[BlackElo "2303"]
[TimeControl "180+2"]
[EndTime "14:26:19 PDT"]
[Termination "ChessBitl won on time"]

1. d4 Nf6 2. Bg5 e6 3. e4 Be7 4. Bxf6 Bxf6 5. e5 Be7 6. Qg4 O-O 7. Bd3 f5 8. Qe2 c5 9. dxc5 Bxc5 10. Nd2 Nc6 11. Ngf3 b6 12. Nb3 Be7 13. O-O-O Qc7 14. Nbd4 Nxd4 15. Nxd4 Bb7 16. Nb5 Qc5 17. Kb1 Bd5 18.
Rhg1 a6 19. Nd6 Bxd6 20. exd6 b5 21. b3 Qxd6 22. c4 bxc4 23. Bxc4 Be4+ 24. Bd3 Bxd3+ 25. Rxd3 Qc7 26. Rc1 Qb7 27. Qe5 Rac8 28. Qd6 Rxc1+ 29. Kxc1 Rc8+ 30. Kb2 Qxg2 31. Qxd7 Rf8 32. Qxe6+ Kh8 33. Qe3 Qxh2 34. Rd7 f4 35. Qd4 Qh6 36. Rd8 Qf6 37. Qxf6 gxf6 38. Rxf8+ Kg7 39. Ra8 h5 40. Rxa6 h4 41.
Ra4 Kg6 42. Rxf4 Kg5 0-1

[Event "*** Titled Tuesday Blitz"]
[Site "Chess.com"]
[Date "2019.10.01"]
[Round "6"]
[White "FairChess_on_YouTube"]
[Black "Orange_Ghost"]
[Result "1-0"]
[WhiteElo "2982"]
[BlackElo "2770"]
[TimeControl "180+2"]
[EndTime "14:26:28 PDT"]
[Termination "FairChess_on_YouTube won by resignation"]

1. e4 e6 2. d4 d5 3. Nc3 Bb4 4. e5 c5 5. a3 Bxc3+ 6. bxc3 Qa5 7. Bd2 Qa4 8. h4 b6 9. h5 h6 10. Rh4 Ba6 11. Rg4 Bxf1 12. Kxf1 Kf8 13. dxc5 Qa6+ 14. c4 bxc5 15. Nf3 Nd7 16. Kg1 Ne7 17. Rb1 Rd8 18. cxd5 exd5 19. Rf4 Kg8 20. Qf1 Qe6 21. Rb7 Nc6 22. Qa6 Ra8 23. Rc7 Ncxe5 24. Qxe6 fxe6 25. Nxe5 Nxe5 26. Rxc5 Kh7 27. Bc3 Nc4 28. Rf7 Rhg8 29. Rcc7 e5 30. f4 Nd6 31. Bxe5 Nxf7 32. Rxf7 Rac8 33.
c3 a6 34. g4 Rc4 35. Bd4 Ra4 36. g5 hxg5 37. fxg5 Rxa3 38. Kg2 Ra2+ 39. Kg3 Re2 40. Kg4 Re4+ 41. Kf5 a5 42. h6 Re1 43. Ra7 Rf1+ 44.
Kg4 Kg6 45. Ra6+ Kh7 46. g6+ Kh8 47. hxg7+ Rxg7 48. Ra8+ 1-0

[Event "*** Titled Tuesday Blitz"]
[Site "Chess.com"]
[Date "2019.10.01"]
[Round "6"]
[White "Samantha_Ross"]
[Black "JussupowFan"]
[Result "1-0"]
[WhiteElo "2071"]
[BlackElo "2191"]
[TimeControl "180+2"]
[EndTime "14:26:31 PDT"]
[Termination "Samantha_Ross won by resignation"]

1. c4 Nf6 2. Nf3 c5 3. b3 d5 4. cxd5 Nxd5 5. Bb2 f6 6. g3 e5 7. d3 Nc6 8. Bg2 Be6 9. O-O Qd7 10. Nbd2 Be7 11. a3 O-O 12. Rc1 Rfd8 13. Qc2 Rac8 14. Ne4 b6 15. Qb1 Nc7 16. Rfe1 Na5 17. b4 cxb4 18.
axb4 Nb3 19. Rcd1 Bxb4 20. Nfd2 Nb5 21. Nxb3 Bxe1 22. Rxe1 Bxb3 23. Bxe5 Bd5 24. Bb2 Bxe4 25. Bxe4 Nc3 26. Bxc3 Rxc3 27. Qa2+ Kh8 28. Ra1 a5 29.
Qb2 Qc7 30. Qb5 Rc1+ 31. Rxc1 Qxc1+ 32. Kg2 Qc5 33. Qa6 Qb4 34. Qa7 a4 35. Qf7 Qc5 36. h4 a3 37. h5 Rf8 38. Qb3 f5 39. Bf3 b5 40. d4 Qa7 41. Bd5 Qa4 42. Qa2 b4 43. h6 Rb8 44. hxg7+ Kxg7 45. Qd2 Qa6 46.
Qg5+ Qg6 47. Qe7+ Kh8 48. Qe5+ Qg7 49. Qxb8+ 1-0

[Event "*** Titled Tuesday Blitz"]
[Site "Chess.com"]
[Date "2019.10.01"]
[Round "6"]
[White "Natalya_Buksa"]
[Black "ckgchess"]
[Result "1-0"]
[WhiteElo "2459"]
[BlackElo "2686"]
[TimeControl "180+2"]
[EndTime "14:26:32 PDT"]
[Termination "Natalya_Buksa won on time"]

1. e4 c5 2. Nf3 Nc6 3. Bb5 Qb6 4.
Ba4 Nf6 5. e5 Nd5 6. O-O e6 7.
c3 d6 8. d3 Bd7 9. exd6 Bxd6 10. Nbd2 Be7 11. Nc4 Qc7 12. Bg5 O-O 13. Qd2 a6 14. Bxe7 Ndxe7 15. Bc2 Rfd8 16. Qe2 Ng6 17. d4 cxd4 18. cxd4 b5 19. Ncd2 Nb4 20. Be4 Bc6 21.
Rfc1 Qb6 22. Bxg6 hxg6 23. a3 Bxf3 24. Nxf3 Nc6 25. Qe3 Nxd4 26. Ng5 f6 27. Ne4 e5 28. b4 Rac8 29. Nc5 Qc6 30. h4 Qd5 31. Qd3 f5 32.
Nxa6 e4 33. Qf1 Nc2 34. Rd1 Qe5 35. Rxd8+ Rxd8 36. Rd1 Rxd1 37. Qxd1 Nxa3 38. Qb3+ Nc4 39. Nc5 Kh7 40. Nd7 Qa1+ 41. Kh2 Qd4 42. Nf8+ Kg8 43. Nxg6 Qd6+ 44. Qg3 Qxb4 45. Qb8+ Kh7 46. Nf8+ Kh6 47.
Qf4+ 1-0

[Event "*** Titled Tuesday Blitz"]
[Site "Chess.com"]
[Date "2019.10.01"]
[Round "6"]
[White "Oleg_Papayan"]
[Black "Roenko_Artur"]
[Result "1-0"]
[WhiteElo "2421"]
[BlackElo "2244"]
[TimeControl "180+2"]
[EndTime "14:26:36 PDT"]
[Termination "Oleg_Papayan won by checkmate"]

1. d4 d5 2. c4 e6 3. Nc3 c6 4.
e3 Nf6 5. Nf3 Nbd7 6. b3 Bd6 7.
Bb2 O-O 8. Be2 Qe7 9. O-O e5 10.
cxd5 e4 11. Nd2 cxd5 12. Re1 Rd8 13. Nb5 Bb8 14. Ba3 Qe6 15. Rc1 Qb6 16. Qc2 h6 17.
Nc7 Bxc7 18. Qxc7 Qxc7 19. Rxc7 Nf8 20. Be7 Rd7 21. Rec1 Rxc7 22. Rxc7 Ne6 23. Rc2 Bd7 24. Bxf6 gxf6 25. Nb1 f5 26. g3 Kf8 27. Kf1 Ke7 28.
Nc3 Kd6 29. Ke1 h5 30. h4 f4 31. gxf4 Rg8 32. Bxh5 Rg1+ 33. Ke2 Nc7 34. Kd2 Rg2 35. Kc1 Rh2 36. Bxf7 Rxh4 37. a4 Rh7 38. Bg6 Rh6 39. Bxe4 dxe4 40. Nxe4+ Kd5 41. Rxc7 Rh1+ 42. Kb2 Bf5 43.
Nc3+ Kd6 44. Rxb7 Rf1 45. e4 Rxf2+ 46. Ka3 Bg4 47. Nb5+ Kc6 48. Rc7+ Kb6 49. Rxa7 Bd1 50. Kb4 Rf3 51. a5+ Kc6 52. Rc7# 1-0

[Event "*** Titled Tuesday Blitz"]
[Site "Chess.com"]
[Date "2019.10.01"]
[Round "6"]
[White "13MiRacLe"]
[Black "kreonx"]
[Result "0-1"]
[WhiteElo "2488"]
[BlackElo "2270"]
[TimeControl "180+2"]
[EndTime "14:26:37 PDT"]
[Termination "kreonx won by resignation"]

1. e4 c6 2. d4 d5 3. Nc3 g6 4.
h3 Bg7 5. Nf3 Nf6 6. e5 Ne4 7.
Nxe4 dxe4 8. Ng5 c5 9. c3 cxd4 10. cxd4 Nc6 11. Be3 Qa5+ 12. Qd2 Qxd2+ 13. Kxd2 Bf5 14.
g4 Bd7 15. Nxe4 O-O-O 16. Rc1 Kb8 17. Bg2 Be6 18. Nc5 Nxd4 19. Bxd4 Rxd4+ 20. Ke3 Bxe5 21. Nxe6 fxe6 22. Rc5 Bg7 23. Rhc1 Rb4 24. R1c2 Bd4+ 25. Kd3 Bxc5 26. Rxc5 Rxb2 27. Re5 Rxf2 28. Be4 Rd8+ 29.
Ke3 Rxa2 30. Rxe6 Ra3+ 31. Kf4 Rd7 32. h4 a5 33. h5 gxh5 34. gxh5 Ra4 35. Ke5 Rc7 36.
Kd5 Rb4 37. Rh6 Rc6 38. Rxh7 e6+ 39. Ke5 Rc5+ 40. Kd6 Rc1 41. Bg6 Rb6+ 42. Ke5 a4 43. h6 a3 44. Rh8+ Ka7 45. h7 Rh1 46. Rf8 a2 47. Rf1 Rxf1 0-1